 Dungeon Crawl Stone Soup version 0.31-a0-188-g5e087ee2ca (webtiles) character file.

Game seed: 13535503212129224916

151 qw the Skirmisher (level 5, -1/29 HPs)
             Began as a Deep Elf Hunter on June 23, 2023.
             Slain by a kobold
             ... wielding a +0 whip
              (4 damage)
             ... on level 3 of the Dungeon.
             The game lasted 00:00:45 (1828 turns).

qw the Skirmisher (Deep Elf Hunter)                 Turns: 1828, Time: 00:00:45

Health: -1/29      AC:  3    Str: 10    XL:     5   Next: 10%
Magic:  7/7        EV: 12    Int: 14    God:
Gold:   155        SH:  0    Dex: 18    Spells: 4/4 levels left

rFire   . . .        Y - +0 shortbow (freeze)
rCold   . . .        (shield currently unavailable)
rNeg    . . .        c - +0 leather armour
rPois   .            (no helmet)
rElec   .            (no cloak)
rCorr   .            (no gloves)
SInv    .            (no boots)
Will    .....        (no amulet)
Stlth   ++           (no ring)
HPRegen 0.24/turn    (no ring)
MPRegen 0.10/turn

%: no passive effects
@: no status effects
A: no striking features
a: no special abilities


You were on level 3 of the Dungeon.
You visited 1 branch of the dungeon, and saw 3 of its levels.

You collected 155 gold pieces.


   Skills:
 - Level 1.5 Fighting
 + Level 8.5 Ranged Weapons
 - Level 2.4 Dodging
 - Level 1.2 Stealth


You had 4 spell levels left.
You didn't know any spells.
Your spell library was empty.

Inventory:

Hand Weapons
 Y - a +0 shortbow of freezing (weapon)
Armour
 c - a +0 leather armour (worn)
Jewellery
 b - a ring of fire
 g - a ring of protection from cold
Scrolls
 a - a scroll of identify
Potions
 d - a potion of might {unknown}
 e - a potion of heal wounds {unknown}
 f - a potion of curing

Dungeon Overview and Level Annotations

Branches:
Dungeon (3/15)

Altars:
Elyvilon
Gozag

Shops:
D:1 [   D:3 =

Annotations:
D:3 1 runed translucent door, Robin; qw's ghost, amateur DEHu


Message History

A goblin comes into view. It is wielding a +0 club.
Robin throws the goblin at you!
You shoot an arrow. The goblin shouts!
The arrow hits the goblin.
The arrow freezes the goblin.
You kill the goblin!
A rat comes into view.
The kobold throws a stone.
The stone barely misses you.
You shoot an arrow. The arrow hits the hobgoblin.
The arrow freezes the hobgoblin.
The hobgoblin is heavily wounded.
The kobold throws a stone.
The stone hits you but does no damage. The hobgoblin closely misses you.
The goblin hits you but does no damage.
A goblin comes into view. It is wielding a +0 club.
You shoot an arrow. The arrow closely misses the hobgoblin.
The arrow closely misses the goblin.
The goblin shouts!
The kobold throws a stone.
The stone closely misses you.
The stone barely misses the hobgoblin.
You shoot an arrow. The arrow barely misses the hobgoblin.
The arrow barely misses the goblin.
The goblin hits you with a +0 club. The hobgoblin closely misses you.
The goblin hits you but does no damage.
Robin roars a battlecry!
The goblins go into a battle-frenzy!
You shoot an arrow. The arrow barely misses the hobgoblin.
The hobgoblin hits you. The goblin hits you with a +0 dagger.
The goblin completely misses you. The goblin hits you with a +0 dagger.
You shoot an arrow.
The arrow hits the hobgoblin but does no damage.
The hobgoblin is heavily wounded.
The hobgoblin closely misses you.
Robin says, "My army is invincible!"
The goblin hits you with a +0 dagger. x2; The goblin barely misses you.
The kobold misses you.
You shoot an arrow. The arrow hits the hobgoblin!
The arrow freezes the hobgoblin.
You kill the hobgoblin!
The goblin hits you but does no damage. The kobold hits you with a +0 whip.
You die...

#...#####........ #####
#...##........... .....
#....+...........
......#....#...........
..<...#....#.[....<.....
....g.#....###.......#.
.....rgg.#.......#+#.#.
.....gg)g.##...##......
...?ggg@K..+...'.....###
....w#######...#.....#..
..... ##............ #
.... #'...........> .
... ##......##.#.. .
..... . ######..##'#.. .
.... ###...##..#.)...
........###
#.....##..#.....
..........
#...........<...


You could see Robin, a dart slug, 8 goblins, a kobold and a rat.

Vanquished Creatures
  9 adders
  3 dart slugs
  An orc (D:3)
  6 ball pythons
  7 bats
  3 endoplasms
  3 giant cockroaches (D:2)
  3 hobgoblins
  3 jackals (D:2)
  6 quokkas
  5 frilled lizards
  7 goblins
  5 kobolds
  6 rats
67 creatures vanquished.

Notes
Turn   | Place    | Note
-------+----------+-------------------------------------------
     0 | D:1      | qw the Deep Elf Hunter began the quest for the Orb.
     0 | D:1      | Reached XP level 1. HP: 12/12 MP: 3/3
     0 | D:1      | 0 ||| qw: Version: 0.3-a-9-g12657ce
     0 | D:1      | 0 ||| qw: Game counter: 3735
     0 | D:1      | 0 ||| qw: Always use a shield: true
     0 | D:1      | 0 ||| qw: God list: Okawaru
     0 | D:1      | 0 ||| qw: Allow faded altars: false
     0 | D:1      | 0 ||| qw: Do Orc after D:15 true
     0 | D:1      | 0 ||| qw: Do second Lair branch before Depths: true
     0 | D:1      | 0 ||| qw: Lair rune preference: random
     0 | D:1      | 0 ||| qw: Plans: Normal
     0 | D:1      | 0 ||| PLANNING D:1-11
    87 | D:1      | Reached XP level 2. HP: 16/16 MP: 4/4
   102 | D:1      | Reached skill level 6 in Ranged Weapons
   169 | D:1      | Found Teryizy's Antique Armour Emporium.
   178 | D:1      | 178 ||| SHOPLISTING ancient leather armour (147 gold, have
                  | 42).
   178 | D:1      | 178 ||| SHOPLISTING glowing leather armour (105 gold, have
                  | 42).
   178 | D:1      | 178 ||| SHOPLISTING ring mail (84 gold, have 42).
   178 | D:1      | 178 ||| SHOPLISTING scale mail (84 gold, have 42).
   470 | D:1      | Reached XP level 3. HP: 20/20 MP: 5/5
   628 | D:1      | 628 ||| READING 2 scrolls labelled ZOUHOUZIGAF.
   629 | D:1      | 629 ||| READING scroll labelled DASEORGHY QAUDO.
   730 | D:1      | 730 ||| READING scroll labelled RUF GIZOCE.
   731 | D:1      | 731 ||| READING scroll labelled XUADGH GETEECVE.
   732 | D:1      | 732 ||| DRINKING 2 coppery potions.
   733 | D:1      | 733 ||| DROPPING scroll of fear.
   734 | D:1      | 734 ||| DROPPING scroll of butterflies.
   796 | D:2      | Reached skill level 7 in Ranged Weapons
   873 | D:2      | Reached XP level 4. HP: 25/25 MP: 6/6
  1215 | D:2      | Reached skill level 8 in Ranged Weapons
  1284 | D:2      | Found a white marble altar of Elyvilon.
  1377 | D:2      | 1377 ||| READING 2 scrolls labelled KISTRAFORIE.
  1378 | D:2      | 1378 ||| READING 2 scrolls labelled VAOSIU NERGHOSEG.
  1381 | D:2      | 1381 ||| READING scroll labelled LOESEY HU FUIT.
  1405 | D:3      | Found a runed translucent door.
  1437 | D:3      | Found Kettikag's Jewellery Shop.
  1445 | D:3      | 1445 ||| SHOPLISTING +6 ring of dexterity (468 gold, have
                  | 116).
  1445 | D:3      | 1445 ||| SHOPLISTING amulet of the acrobat (390 gold, have
                  | 116).
  1445 | D:3      | 1445 ||| SHOPLISTING ring "Kuafag" {*Corrode rElec MP+9
                  | Str+6} (822 gold, have 116).
  1445 | D:3      | 1445 ||| SHOPLISTING ring of ice (325 gold, have 116).
  1445 | D:3      | 1445 ||| SHOPLISTING ring of protection from cold (325
                  | gold, have 116).
  1445 | D:3      | 1445 ||| SHOPLISTING ring of resist corrosion (260 gold,
                  | have 116).
  1475 | D:3      | Noticed qw's ghost (amateur DEHu)
  1636 | D:3      | Found an opulent altar of Gozag.
  1683 | D:3      | HP: 6/25 [adder (1)]
  1684 | D:3      | 1684 ||| READING scroll of teleportation.
  1685 | D:3      | HP: 1/25 [poisoned by an adder]
  1686 | D:3      | 1686 ||| DRINKING 2 potions of curing.
  1686 | D:3      | 1686 ||| (to cure poison)
  1747 | D:3      | Reached XP level 5. HP: 29/29 MP: 7/7
  1818 | D:3      | 1818 ||| Stepping ~*~*~tactically~*~*~ (outnumbered).
  1818 | D:3      | Noticed Robin
  1827 | D:3      | HP: 6/29 [goblin/+0 dagger[Robin] (5)]
  1828 | D:3      | Slain by a kobold

Levels and vault maps discovered:
D:1:      saegor_arrival_simple_a, layout_loops_ring, serial_shops,
          nicolae_shop_getting_attention, minmay_tiny_reverse_x
D:2:      cheibrodos_helix_gallery, layout_loops_ring, basic_altar
D:3:      layout_basic, mainiacjoe_overflow_surrounded_room,
          ebering_ghost_sewer_f, serial_shops, shop, serial_curves,
          eino_curves_02, eino_curves_04, kennysheep_generic_room_14, uniq_robin

Skill      XL: |  1  2  3  4 |
---------------+-------------+-----
Ranged Weapons | 6 7 8 |  8.5
Fighting       | |  1.5
Dodging        | |  2.4
Stealth        | |  1.2

Action                     |  1- 3 |  4- 6 || total
---------------------------+-------+-------++-------
   Fire: Shortbow          |    87 |    86 ||   173
    Use: Scroll            |     4 |     4 ||     8
         Potion            |     1 |     1 ||     2
 Armour: Leather armour    |     7 |     6 ||    13
  Dodge: Dodged            |    11 |    28 ||    39

Table legend:
 A = Non-vault XP
 B = Vault XP
 C = Vault XP percentage of total XP
 D = Non-vault monster count
 E = Vault monster count
 F = Vault count percentage of total count
                 A         B        C        D         E       F
            +---------+---------+-------+---------+---------+-------
      Total |     204 |      14 |   6.4 |      59 |       8 |  11.9
            +---------+---------+-------+---------+---------+-------
        D:1 |      40 |       3 |   7.0 |      25 |       2 |   7.4
        D:2 |     107 |       4 |   3.6 |      23 |       2 |   8.0
        D:3 |      57 |       7 |  10.9 |      11 |       4 |  26.7
            +---------+---------+-------+---------+---------+-------
